 Dungeon Crawl Stone Soup version 0.21.1 (webtiles) character file.

403 Inchmeat the Cudgeler (level 6, -8/37 HPs)
             Began as a Gargoyle Monk on Feb 2, 2018.
             Killed by divine providence
             ... invoked by an orc priest
              (12 damage)
             ... on level 4 of the Dungeon.
             The game lasted 00:05:11 (3184 turns).

Inchmeat the Cudgeler (Gargoyle Monk)               Turns: 3184, Time: 00:05:11

Health: -8/37      AC: 10    Str: 15 (17) XL:     6   Next: 86%
Magic:  6/6        EV: 10    Int:  8 (10) God:
Gold:   140        SH:  0    Dex:  9 (12) Spells: 5/5 levels left

rFire    . . .     SeeInvis .   p - +2 flail (holy)
rCold    . . .     Gourm    .   (no shield)
rNeg     + . .     Faith    .   b - +0 scale mail
rPois    ∞         Spirit   .   (no helmet)
rElec    +         Reflect  .   (no cloak)
rCorr    .         Harm     .   (no gloves)
MR       .....                  (no boots)
Stlth    ..........             (no amulet)
HPRegen  0.12/turn              (no ring)
MPRegen  0.10/turn              (no ring)

@: very slow
A: negative energy resistance 1, electricity resistance, unbreathing,
petrification resistance, rot immunity, AC +4
a: no special abilities


You were on level 4 of the Dungeon.
You were very hungry.

You visited 1 branch of the dungeon, and saw 5 of its levels.

You collected 140 gold pieces.

Inventory:

Hand Weapons
 a - a +0 mace
 p - a +2 flail of holy wrath (weapon)
Armour
 b - a +0 scale mail (worn)
 g - a +0 ring mail
Jewellery
 r - an uncursed ring of flight {unknown}
Scrolls
 d - 5 scrolls of identify {unknown}
 e - 2 scrolls of enchant armour {unknown}
 f - 2 scrolls of immolation {unknown}
 h - a scroll of blinking {unknown}
 k - a scroll of amnesia {unknown}
 l - a scroll of fear {unknown}
 m - a scroll of enchant weapon {unknown}
 n - 2 scrolls of remove curse {unknown}
Comestibles
 c - 7 rations


   Skills:
 - Level 3.3 Fighting
 + Level 7.5 Maces & Flails
 - Level 2.4 Dodging
 - Level 2.2 Stealth


You had 5 spell levels left.
You didn't know any spells.

Dungeon Overview and Level Annotations

Branches:
Dungeon (5/15)
 Temple: D:4-7

Altars:
Elyvilon
Gozag
Hepliaklqana
Nemelex Xobeh
Sif Muna
Yredelemnul

Annotations:
D:2 2 transporters
D:3 Larett's ghost, amateur OpAs
D:4 jasper's ghost, novice CeGl
D:5 Grinder


Innate Abilities, Weirdness & Mutations

You are resistant to torment.
Your stone body is resilient. (AC +4)
You are immune to poison.
You resist negative energy. (rN+)
You are resistant to electric shocks. (rElec)
You can survive without breathing.
You are immune to petrification.
You are immune to rotting.


Message History

Ye hit tha orc priest.
Tha orc priest be moderately wounded.
Tha ogre misses ye.
Tha orc priest hits ye wit' a mace.
Tha jackal closely misses ye.
Ye closely miss tha jackal.
Tha jackal bites ye.
Tha orc priest invokes tha aid o' Beogh against ye.
Beogh smites ye!
* * * LOW HITPOINT WARNIN'
* * * Tha ogre barely misses ye.
Tha worm bites tha plant.
Tha jackal closely misses ye.
Unknown command.
Ye enter tha shallow water.
Movin' in 'tis stuff be goin' ta be slow.
Tha orc priest looks encouraged fer a momn't.
Tha ogre closely misses ye.
Tha jackal barely misses ye.
Tha orc priest hits somethin' wit' a mace.
Tha jackal closely misses ye.
Tha ogre barely misses ye.
Tha orc priest invokes tha aid o' Beogh against ye.
Beogh smites ye!
Ye die...

≈P### ♣♣P..##
♣≈≈P..# ♣≈≈...#
♣♣♣≈P$.#
≈♣♣≈≈≈≈P.#######♣#
P≈≈≈≈.........#♣≈♣##
≈PP.#.#######oO≈≈≈P#
..###.### #..o≈P@P≈#
.. #...# #!.o♣h≈P♣♣
.####.#.# #..hPP≈≈≈♣
.....>#.##≈...≈≈≈≈≈♣
.####.#
#≈≈...≈≈≈≈PP#
.......
♣♣≈≈...≈≈≈≈≈♣ .#
##.## ≈≈....≈P≈≈≈w≈
.# #.#
♣≈≈≈...≈≈≈≈P≈♣ .#
.). ♣♣≈≈...♣≈P≈≈♣


You could see an ogre, a worm, an orc priest, an orc wizard, an orc and 2
jackals.

Vanquished Creatures
  A centaur (D:5)
  A big kobold (D:2)
  A crimson imp (D:5)
  A bullfrog zombie (D:5)
  3 orc wizards
  5 adders
  An ooze (D:1)
  A worm (D:3)
  2 leopard geckos
  11 orcs
  4 bats
  3 giant cockroaches
  5 goblins
  6 hobgoblins
  A quokka (D:5)
  A ball python (D:2)
  2 frilled lizards
  A kobold (D:3)
  5 rats
55 creatures vanquished.

Vanquished Creatures (others)
  An orc wizard (D:4)
  A plant (D:4)
2 creatures vanquished.

Grand Total: 57 creatures vanquished

Notes
Turn   | Place    | Note
-------+----------+-------------------------------------------
     0 | D:1      | Inchmeat the Gargoyle Monk began the quest for the Orb.
     0 | D:1      | Reached XP level 1. HP: 14/14 MP: 1/1
   409 | D:1      | Reached XP level 2. HP: 19/19 MP: 2/2
   477 | D:1      | You fall through a shaft!
   477 | D:2      | Found a hazy altar of Hepliaklqana.
   500 | D:2      | Found a transporter.
   503 | D:2      | Found a basalt altar of Yredelemnul.
   506 | D:2      | Found a transporter.
   539 | D:2      | Found a sparkling altar of Nemelex Xobeh.
   540 | D:2      | Found a deep blue altar of Sif Muna.
   613 | D:2      | Reached skill level 4 in Maces & Flails
   613 | D:2      | Reached XP level 3. HP: 20/23 MP: 3/3
   687 | D:2      | Found an opulent altar of Gozag.
   736 | D:2      | Found a white marble altar of Elyvilon.
   969 | D:2      | Noticed a big kobold
   995 | D:2      | Killed a big kobold
   995 | D:2      | Reached skill level 5 in Maces & Flails
   995 | D:2      | Reached XP level 4. HP: 10/28 MP: 4/4
   995 | D:2      | Reached XP level 5. HP: 12/32 MP: 5/5
  1632 | D:3      | Noticed Larett's ghost (amateur OpAs)
  1890 | D:4      | Reached skill level 6 in Maces & Flails
  1989 | D:4      | Noticed an ogre
  2196 | D:4      | Noticed jasper's ghost (novice CeGl)
  2209 | D:4      | Reached XP level 6. HP: 29/37 MP: 6/6
  2211 | D:5      | Entered Level 5 of the Dungeon
  2674 | D:5      | Reached skill level 7 in Maces & Flails
  2896 | D:5      | Noticed Grinder
  2898 | D:5      | Paralysed by Grinder for 6 turns
  2906 | D:5      | Paralysed by Grinder for 3 turns
  3184 | D:4      | Killed from afar by an orc priest

Skill      XL: |  1  2  3  4  5  6 |
---------------+-------------------+-----
Maces & Flails | 4 5 6 7 |  7.5
Fighting       | |  3.3
Dodging        | |  2.4
Stealth        | |  2.2

Action                   |  1- 3 |  4- 6 || total
-------------------------+-------+-------++-------
Melee: Mace              |    92 |    93 ||   185
       Flail             |       |    67 ||    67
  Use: Potion            |       |     4 ||     4
 Stab: Sleeping          |     3 |       ||     3
  Eat: Chunk             |       |     3 ||     3
       Ration            |       |     1 ||     1
Armor: Robe              |    12 |       ||    12
       Ring mail         |    10 |       ||    10
       Leather armour    |     1 |       ||     1
       Scale mail        |    15 |   101 ||   116
Dodge: Dodged            |    73 |    96 ||   169
